[Event "27th CRO-chT 1B-Men 2018"]
[Site "Biograd"]
[Date "2018.09.24"]
[Round "9.20"]
[White "Seyb, Alexander"]
[Black "Ostovic, Matija"]
[Result "1-0"]
[ECO "B91"]
[WhiteElo "2388"]
[BlackElo "2390"]
[Annotator "ChessBase"]
[PlyCount "107"]
[EventDate "2018.09.15"]
[EventType "team-tourn"]
[EventCountry "CRO"]
[SourceTitle "playchess.com"]
[Source "ChessBase"]
[SourceQuality "1"]
[TimeControl "40/5400+30:1800+30"]

1. e4 c5 2. Nf3 d6 3. d4 cxd4 4. Nxd4 Nf6 5. Nc3 a6 6. g3 e5 7. Nde2 Be7 8. Bg2 O-O 9. O-O Nbd7 10. a4 b6 11. Nd5 Nxd5 12. Qxd5 Rb8 13. Nc3 Nf6 14. Qd3 Qc7 15. Rd1 h6 16. Be3 Rd8 17. Qe2 Be6 18. Nd5 Nxd5 19. exd5 Bc8 20. Rd3 Qc4 21. b3 Qc7 22. a5 bxa5 23. Qd2 Bd7 24. Rc3 Qb7 25. Rxa5 Bb5 26. Bf1 Bxf1 27. Kxf1 Rdc8 28. Rxc8+ Qxc8 29. Qd3 Rb5 30. Rxb5 axb5 31. h4 Qh3+ 32. Ke2 Qd7 33. Kd2 f5 34. h5 Bf6 35. f3 Qf7 36. Qxb5 Qxh5 37. Qe2 f4 38. gxf4 exf4 39. Bxf4 Qxd5+ 40. Qd3 Qxd3+ 41. Kxd3 Be7 42. Ke4 Kf7 43. Kd5 g5 44. Bh2 Ke8 45. b4 Kd7 46. c4 h5 47. b5 g4 48. fxg4 hxg4 49. Bg3 Bg5 50. Bxd6 Bh4 51. c5 g3 52. c6+ Ke8 53. Ke6 Kd8 54. b6 1-0

[Event "27th CRO-chT 1B-Men 2018"]
[Site "Biograd"]
[Date "2018.09.24"]
[Round "9.22"]
[White "Muha, Miljenko"]
[Black "Mathe, Gaspar"]
[Result "1-0"]
[ECO "E14"]
[WhiteElo "2364"]
[BlackElo "2308"]
[Annotator "ChessBase"]
[PlyCount "61"]
[EventDate "2018.09.15"]
[EventType "team-tourn"]
[EventCountry "CRO"]
[SourceTitle "playchess.com"]
[Source "ChessBase"]
[SourceQuality "1"]
[TimeControl "40/5400+30:1800+30"]

1. d4 Nf6 2. c4 e6 3. Nf3 d5 4. e3 Be7 5. b3 O-O 6. Bd3 b6 7. O-O Nbd7 8. Bb2 c5 9. Nbd2 cxd4 10. exd4 Bb7 11. Qe2 Rc8 12. Rac1 Re8 13. Rfd1 Rc7 14. Ne5 Nxe5 15. dxe5 Nd7 16. cxd5 Bxd5 17. Nc4 Qb8 18. h4 Nf8 19. h5 h6 20. Bb1 Rec8 21. Ne3 Rxc1 22. Bxc1 Qxe5 23. Bb2 Qg5 24. Rd4 f5 25. Nxd5 exd5 26. Rxd5 Rc5 27. Rxc5 Bxc5 28. b4 Bd6 29. Qc4+ Kh8 30. Qf7 Qg4 31. Bc2 1-0

[Event "27th CRO-chT 1B-Men 2018"]
[Site "Biograd"]
[Date "2018.09.24"]
[Round "9.23"]
[White "Vrban, Mladen"]
[Black "Ivic, Mateo"]
[Result "1/2-1/2"]
[ECO "E82"]
[WhiteElo "2280"]
[BlackElo "2223"]
[Annotator "ChessBase"]
[PlyCount "60"]
[EventDate "2018.09.15"]
[EventType "team-tourn"]
[EventCountry "CRO"]
[SourceTitle "playchess.com"]
[Source "ChessBase"]
[SourceQuality "1"]
[TimeControl "40/5400+30:1800+30"]

1. c4 Nf6 2. Nc3 g6 3. e4 d6 4. d4 Bg7 5. f3 O-O 6. Be3 b6 7. Bd3 a6 8. Nge2 c5 9. e5 Nfd7 10. Be4 Ra7 11. exd6 exd6 12. Qd2 Nf6 13. Bf4 Rd7 14. Ba8 Bb7 15. Bxb7 Rxb7 16. O-O Nc6 17. d5 Ne5 18. Bxe5 dxe5 19. Ng3 Ne8 20. a4 Nd6 21. b3 f5 22. Rad1 Qh4 23. Nge2 Bh6 24. Qe1 Be3+ 25. Kh1 Qh6 26. Ng1 Re8 27. Rd3 Bd4 28. Nce2 Rbe7 29. Qg3 f4 30. Qh3 Qg5 1/2-1/2

[Event "27th CRO-chT 1B-Men 2018"]
[Site "Biograd"]
[Date "2018.09.24"]
[Round "9.24"]
[White "Susak, Zeljko"]
[Black "Matijevic, Hrvoje"]
[Result "1/2-1/2"]
[ECO "C41"]
[WhiteElo "2200"]
[BlackElo "2228"]
[Annotator "ChessBase"]
[PlyCount "39"]
[EventDate "2018.09.15"]
[EventType "team-tourn"]
[EventCountry "CRO"]
[SourceTitle "playchess.com"]
[Source "ChessBase"]
[SourceQuality "1"]
[TimeControl "40/5400+30:1800+30"]

1. e4 d6 2. d4 Nf6 3. Nc3 e5 4. Nf3 Nbd7 5. Bc4 Be7 6. O-O O-O 7. Re1 c6 8. a4 a5 9. Ba2 exd4 10. Nxd4 Nc5 11. h3 Qb6 12. Nb3 Nxb3 13. Bxb3 Be6 14. Be3 Qc7 15. Rc1 Rad8 16. Qf3 Bxb3 17. cxb3 Qd7 18. Bb6 Ra8 19. e5 dxe5 20. Rxe5 1/2-1/2

[Event "27th CRO-chT 1B-Men 2018"]
[Site "Biograd"]
[Date "2018.09.24"]
[Round "9.29"]
[White "Rubil, Marko"]
[Black "Brumen, Dinko"]
[Result "1/2-1/2"]
[ECO "B32"]
[WhiteElo "2201"]
[BlackElo "2315"]
[Annotator "ChessBase"]
[PlyCount "42"]
[EventDate "2018.09.15"]
[EventType "team-tourn"]
[EventCountry "CRO"]
[SourceTitle "playchess.com"]
[Source "ChessBase"]
[SourceQuality "1"]
[TimeControl "40/5400+30:1800+30"]

1. e4 c5 2. Nf3 Nc6 3. d4 cxd4 4. Nxd4 e5 5. Nb5 d6 6. c4 Be7 7. N1c3 a6 8. Na3 Be6 9. Nc2 h6 10. Be2 Rc8 11. b3 Nf6 12. O-O O-O 13. Bb2 Qa5 14. Qe1 Bd8 15. Rd1 Nb4 16. Ne3 Nc6 17. Ned5 Bxd5 18. exd5 Nd4 19. Bd3 b5 20. Kh1 bxc4 21. bxc4 Nh5 1/2-1/2

[Event "27th CRO-chT 1B-Men 2018"]
[Site "Biograd"]
[Date "2018.09.24"]
[Round "9.30"]
[White "Blazeka, Matej"]
[Black "Matanovic, Luka"]
[Result "1/2-1/2"]
[ECO "D13"]
[WhiteElo "2354"]
[BlackElo "2252"]
[Annotator "ChessBase"]
[PlyCount "48"]
[EventDate "2018.09.15"]
[EventType "team-tourn"]
[EventCountry "CRO"]
[SourceTitle "playchess.com"]
[Source "ChessBase"]
[SourceQuality "1"]
[TimeControl "40/5400+30:1800+30"]

1. d4 d5 2. c4 c6 3. Nc3 Nf6 4. cxd5 cxd5 5. Nf3 Nc6 6. Bf4 e6 7. e3 a6 8. Bd3 Be7 9. h3 O-O 10. O-O Bd7 11. Rc1 Qa5 12. a3 Rfc8 13. e4 dxe4 14. Nxe4 Rd8 15. Qb3 Qd5 16. Nxf6+ Bxf6 17. Qxd5 exd5 18. Rfd1 h6 19. Bb1 g5 20. Be5 Be7 21. Ba2 Be6 22. Bc7 Rd7 23. Bb6 Bf6 24. Bb3 Re7 1/2-1/2